AoeStats
← Xx_KeVIN_zZ

Arena

511651969Analyzed
4v4 RM · 11d ago on Oct 6, 2026· 38m 28s· 8 players
Game mode
Random Map
Map size
Large (8 player)
Population
200
Speed
Normal
Resources
Standard
Victory
Conquest
Starting age
Dark Age
Ending age
Imperial Age
RankedLock teamsTeams togetherTeam positionsShared explorationLock speedFull tech treeHidden civsTurbo modeCheats
Victory
Defeat
🇨🇱 Spanish · Chile
1620
+8
🇨🇱 Sicilians · Chile
1336
+19
🇨🇱 Hindustanis · Chile
1335
+19
🇨🇱 Berbers · Chile
1290
+21
vs
🇳🇿 Dravidians · New Zealand
1572
-24
🇲🇽 Bohemians · Mexico
1553
-22
🇨🇴 Poles · Colombia
1343
-14
🇨🇴 Franks · Colombia
1152
-7
HR | Darkjosh89
9:58 Feudal Age
11:01 Loom
13:53 Castle Age
11:45 Double-Bit Axe
12:07 Horse Collar
30:04 Wheelbarrow
35:06 Imperial Age
33:48 Heavy Plow
33:55 Padded Archer Armor
37:08 Bow Saw
Darcksold
10:18 Loom
12:35 Feudal Age
13:07 Horse Collar
17:04 Castle Age
15:30 Double-Bit Axe
18:59 Gold Mining
19:50 Stone Mining
22:17 Wheelbarrow
22:13 Bow Saw
24:34 Husbandry
24:47 Bloodlines
25:26 Heavy Plow
26:15 Gold Shaft Mining
26:25 Fletching
30:31 Imperial Age
28:30 Padded Archer Armor
28:56 Ballistics
29:07 Bodkin Arrow
30:41 Leather Archer Armor
30:50 Hand Cart
30:50 Town Watch
31:13 Bracer
32:16 Chemistry
31:08 Elite Camel Archer
32:05 Fortified Wall
32:43 Conscription
33:14 Stone Shaft Mining
33:45 Ring Archer Armor
33:32 Masonry
33:56 Siege Engineers
38:22 Treadmill Crane
38:39 Murder Holes
38:48 Kasbah
Mr. Persa
11:09 Feudal Age
14:57 Castle Age
13:36 Double-Bit Axe
13:32 Horse Collar
16:24 Bow Saw
16:15 Heavy Plow
21:12 Stone Mining
21:14 Gold Mining
23:02 Wheelbarrow
27:38 Imperial Age
25:31 Scale Barding Armor
25:57 Bloodlines
25:49 Husbandry
26:51 Hand Cart
27:16 Forging
27:01 Loom
28:51 Chain Barding Armor
29:20 Illumination
28:45 Heavy Camel Rider
31:24 Plate Barding Armor
31:21 Imperial Camel Rider
33:51 Iron Casting
34:59 Chemistry
34:06 Siege Engineers
35:52 Blast Furnace
35:51 Scale Mail Armor
36:14 Conscription
38:00 Siege Elephant
Al Ghouti
7:02 Loom
9:13 Feudal Age
12:45 Fletching
15:52 Horse Collar
15:58 Double-Bit Axe
23:56 Castle Age
22:14 Stone Mining
22:15 Gold Mining
24:19 Scale Mail Armor
24:29 Forging
24:54 Bodkin Arrow
25:07 Squires
25:06 Arson
28:28 Chain Mail Armor
30:26 First Crusade
32:22 Forging
34:25 Wheelbarrow
35:28 Iron Casting
38:59 Hand Cart
AM | AndresBC
10:55 Feudal Age
14:52 Castle Age
13:40 Double-Bit Axe
13:35 Horse Collar
13:50 Loom
16:00 Heavy Plow
16:11 Bow Saw
20:09 Forging
22:04 Szlachta Privileges
22:12 Scale Mail Armor
23:34 Wheelbarrow
29:12 Imperial Age
27:16 Scale Barding Armor
28:55 Chain Barding Armor
28:39 Husbandry
28:50 Bloodlines
28:53 Light Cavalry
30:37 Iron Casting
30:44 Fletching
30:29 Cavalier
33:13 Blast Furnace
33:00 Gold Mining
34:26 Conscription
34:30 Fortified Wall
34:19 Winged Hussar
35:46 Hand Cart
35:36 Stone Mining
AM | DEMONIO_MX
10:24 Feudal Age
9:53 Loom
11:43 Fletching
16:47 Double-Bit Axe
16:42 Horse Collar
23:52 Castle Age
24:14 Wheelbarrow
24:32 Bodkin Arrow
25:02 Bow Saw
24:53 Heavy Plow
29:18 Imperial Age
29:50 Chemistry
30:17 Bracer
33:09 Forging
33:02 Padded Archer Armor
34:09 Two-Man Saw
35:35 Elite Skirmisher
36:47 Leather Archer Armor
Xx_KeVIN_zZ
10:58 Feudal Age
15:07 Castle Age
14:23 Double-Bit Axe
23:40 Gold Mining
28:49 Imperial Age
27:12 Scale Barding Armor
27:08 Scale Mail Armor
28:30 Forging
30:41 Chemistry
30:32 Elite Skirmisher
31:06 Cavalier
31:47 Husbandry
32:31 Wheelbarrow
31:43 Town Watch
31:43 Loom
31:32 Pikeman
32:00 Arson
32:16 Squires
32:38 Chain Mail Armor
32:44 Chain Barding Armor
33:00 Iron Casting
32:37 Halberdier
34:39 Plate Mail Armor
37:59 Blast Furnace
37:35 Plate Barding Armor
Joaquin12
10:11 Feudal Age
14:10 Castle Age
13:18 Double-Bit Axe
16:11 Loom
16:12 Crossbowman
16:46 Fletching
22:28 Bodkin Arrow
25:33 Ballistics
31:45 Horse Collar
Connection lost

Rejoining the realm…

Still unreachable

The connection could not be restored.

Session expired

The server has moved on; the page needs a fresh start.